 Dungeon Crawl Stone Soup version 0.29-a0-847-g24c0ca63c9 (webtiles) character file.

Game seed: 15222536149870397144

5586 Malachi the Basher (level 10, -2/88 HPs)
             Began as a Palentonga Fighter on July 16, 2022.
             Killed from afar by a hellephant (38 damage)
             ... with a blast of flame
             ... on level 2 of the Abyss.
             The game lasted 00:13:49 (9810 turns).

Malachi the Basher (Palentonga Fighter)             Turns: 9810, Time: 00:13:49

Health: -2/88      AC: 20    Str: 23    XL:     10   Next: 45%
Magic:  10/10      EV:  8    Int:  9    God:
Gold:   459        SH:  4    Dex: 10    Spells: 9/9 levels left

rFire   . . .      SeeInvis +   G - +4 morningstar of Wu Jian {drain, Drain rC++ SInv}
rCold   + + .      Faith    .   c - +0 buckler
rNeg    . . .      Spirit   .   m - +0 plate armour
rPois   .          Reflect  .   t - +0 helmet
rElec   .          Harm     .   y - +0 cloak
rCorr   .          Rampage  .   i - +0 pair of gloves
Will    +....                   (no barding)
Stlth   ..........              (no amulet)
HPRegen 0.00/turn               s - +4 ring of evasion
MPRegen 0.12/turn               x - ring of willpower

@: about to teleport, sick, studying Dodging, curled up
A: large, rugged brown scales 3, see invisible, deformed body, roll 1, armoured
tail, reflexive curl
a: Rolling Charge


You were on level 2 of the Abyss.
You visited 1 branch of the dungeon, and saw 9 of its levels.
You visited the Abyss 1 time.

You collected 459 gold pieces.

Inventory:

Hand Weapons
 a - a +0 flail
 f - a +2 whip of freezing
 B - a +4 quarterstaff of chaos
 G - the +4 morningstar of Wu Jian (weapon) {drain, Drain rC++ SInv}
   (You found it on level 6 of the Dungeon)

   A truly terrible weapon, it drains the life of any living foe it strikes.
   rC:        It greatly protects you from cold.
   SInv:      It lets you see invisible.
   Drain:     It drains your maximum health when unequipped.
Missiles
 l - 4 curare-tipped darts
 p - a throwing net
Armour
 c - a +0 buckler (worn)
 i - a +0 pair of gloves (worn)
 m - a +0 plate armour (worn)
 o - a +2 robe of resistance
 t - a +0 helmet (worn)
 y - a +0 cloak (worn)
Jewellery
 s - a +4 ring of evasion (left hand)
 x - a ring of willpower (right hand)
Wands
 b - a wand of charming (27)
 J - a wand of roots (9)
 K - a wand of flame (8)
Scrolls
 e - 7 scrolls of teleportation
 g - 3 scrolls of enchant weapon
 j - a scroll of poison
 k - a scroll of enchant armour
 q - a scroll of amnesia
 r - a scroll of immolation
 u - 4 scrolls of magic mapping
 w - a scroll of blinking
 H - a scroll of fear
Potions
 h - 2 potions of flight
 n - a potion of curing
 v - 2 potions of invisibility {unknown}
 z - a potion of attraction {unknown}
 A - 2 potions of haste {unknown}
 C - 3 potions of brilliance {unknown}
 E - 2 potions of cancellation {unknown}
 F - a potion of heal wounds
 I - 2 potions of might


   Skills:
 - Level 9.0 Fighting
 + Level 12.2 Maces & Flails
 - Level 5.0 Armour
 - Level 2.6 Shields


You had 9 spell levels left.
You didn't know any spells.
Your spell library contained the following spells:

 Spells                   Type           Power      Damage    Failure   Level
 Apportation              Tloc           0%         N/A       100%        1
 Necrotise                Necr           0%         1d4       100%        1
 Summon Small Mammal      Summ           0%         N/A       100%        1
 Static Discharge         Conj/Air       0%         3-3/arc   100%        2
 Dazzling Flash           Conj/Hex       0%         N/A       100%        3
 Ozocubu's Armour         Ice            0%         N/A       100%        3
 Anguish                  Hex/Necr       0%         N/A       100%        4
 Dispel Undead            Necr           0%         3d6       100%        4
 Iskenderun's Mystic Bla  Conj/Tloc      0%         2d3       100%        4
 Sticky Flame             Conj/Fire      0%         2d3       100%        4
 Lightning Bolt           Conj/Air       0%         1d11      100%        5
 Starburst                Conj/Fire      0%         6d3       100%        6
 Ozocubu's Refrigeration  Ice            0%         4d5       100%        7
 Maxwell's Capacitive Co  Air            0%         ∞         100%        8


Dungeon Overview and Level Annotations

Branches:
Dungeon (9/15)             Temple (0/1) D:4
   Lair: D:8-11         Orc: D:9-12

Altars:
Uskayaw
Yredelemnul

Shops:
D:1 [


Innate Abilities, Weirdness & Mutations

You are completely covered in rugged brown scales. (AC +3, +7% HP)
You have supernaturally acute eyesight. (SInv)
Armour fits poorly on your strangely shaped body.
You can roll at nearby foes to attack.
You have a long armoured tail.
You curl defensively after being hit. (AC +7*)


Message History

You feel yourself growing ill in the presence of the ancient zyme.
As you read the scroll of teleportation, it crumbles to dust.
You feel strangely unstable.
You feel the power of the Abyss delaying your translocation!
The worldbinder calls forth creatures from the Shoals!
The ancient zyme hits you.
The ancient zyme hits you but does no damage.
The ancient zyme attacks as you move away!
The ancient zyme hits you.
The ancient zyme hits you but does no damage.
The small abomination hits you!
You feel ill. The small abomination hits you!
The worldbinder calls forth creatures from the Shoals!
You block the small abomination's attack.
You feel ill. The small abomination hits you!
The small abomination closely misses you.
The small abomination attacks as you move away!
The small abomination barely misses you.
The small abomination attacks as you move away!
The small abomination completely misses you.
The small abomination hits you but does no damage.
The small abomination attacks as you move away!
The small abomination closely misses you.
The merfolk aquamancer disappears in a puff of smoke!
The manticore disappears in a puff of smoke!
You are suddenly pulled into a different region of the Abyss!
Unknown command.
You start resting.
A hellephant comes into view.
A hellephant is nearby!
As you read the scroll of teleportation, it crumbles to dust.
You feel strangely unstable.
You feel the power of the Abyss delaying your translocation!
The hellephant trumpets!
A raiju comes into view.
An efreet comes into view.
It is wielding a +4 scimitar of flaming.
The hellephant breathes flames at you. The blast of flame hits you!!!
You die...

.. .## #. #..#
#.## #...#.#
#..###R#...
#..... ..#
###..Y###....#
#.#.### #..#
##...#
#@#....#
###.##.##
.##.## ##..#
h# ..# ..


You could see a hellephant (catching breath) and an efreet.

Vanquished Creatures
  A hornet (D:6)
  Grinder (D:6)
  Sigmund (D:5)
  2 wyverns
  Eustachio (D:4)
  2 vampires (D:9)
  2 wraiths
  A steam dragon (D:9)
  A water moccasin (D:6)
  2 black bears
  4 orc warriors
  2 ice beasts
  3 ogres
  4 sky beasts
  2 centaurs
  4 phantoms (D:4)
  2 necrophages (D:6)
  4 bullfrogs
  3 scorpions
  5 wights
  2 howler monkeys (D:9)
  3 hounds
  2 jellies (D:6)
  A gnoll bouda (D:5)
  Crazy Yiuf (D:5)
  2 orc priests
  5 iguanas
  Ijyb (D:4)
  11 orc wizards
  Robin (D:3)
  10 gnolls
  6 adders
  A shadow imp (D:6)
  5 white imps
  3 worms
  3 dart slugs (D:1)
  38 orcs
  7 ball pythons
  5 bats
  2 endoplasms
  3 giant cockroaches
  15 goblins
  7 hobgoblins
  4 jackals (D:5)
  6 kobolds
  3 quokkas
  5 frilled lizards
  A rat (D:3)
200 creatures vanquished.

Notes
Turn   | Place    | Note
-------+----------+-------------------------------------------
     0 | D:1      | Malachi the Palentonga Fighter began the quest for the Orb.
     0 | D:1      | Reached XP level 1. HP: 19/19 MP: 1/1
   350 | D:1      | Reached XP level 2. HP: 23/25 MP: 2/2
   361 | D:1      | Reached skill level 3 in Maces & Flails
   542 | D:1      | Found Iceam's Armour Shop.
   548 | D:1      | Reached XP level 3. HP: 25/31 MP: 3/3
   874 | D:2      | Identified the +5 sling "Bomocewk" {vorpal, rC- rCorr Str-5
                  | Dex+8}
  1318 | D:2      | Reached skill level 4 in Maces & Flails
  1318 | D:2      | Reached XP level 4. HP: 37/37 MP: 4/4
  1676 | D:2      | Found a faded altar of an unknown god.
  2159 | D:3      | Noticed Robin
  2166 | D:3      | Killed Robin
  2435 | D:3      | Reached XP level 5. HP: 39/43 MP: 5/5
  2546 | D:3      | You fall into a shaft and drop 1 floor!
  2613 | D:4      | Found a staircase to the Ecumenical Temple.
  2919 | D:4      | Noticed a phantom
  2934 | D:4      | Killed a phantom
  2935 | D:4      | Reached skill level 5 in Maces & Flails
  2935 | D:4      | Reached XP level 6. HP: 38/50 MP: 6/6
  3069 | D:4      | Found a hide-covered altar of Uskayaw.
  3295 | D:4      | Reached skill level 6 in Maces & Flails
  3295 | D:4      | Gained mutation: You curl defensively after being hit. (AC
                  | +7*) [Palentonga growth]
  3295 | D:4      | Reached XP level 7. HP: 47/55 MP: 7/7
  3464 | D:4      | Noticed Eustachio
  3822 | D:4      | Killed Eustachio
  3823 | D:4      | Reached skill level 5 in Armour
  3959 | D:4      | Noticed Ijyb
  3968 | D:4      | Killed Ijyb
  4567 | D:5      | Entered Level 5 of the Dungeon
  4692 | D:5      | Reached skill level 7 in Maces & Flails
  5025 | D:5      | Reached XP level 8. HP: 64/64 MP: 8/8
  5070 | D:5      | Noticed Sigmund
  5075 | D:5      | Killed Sigmund
  5137 | D:5      | Reached skill level 5 in Fighting
  5352 | D:5      | Found a runed translucent door.
  5353 | D:5      | Noticed Crazy Yiuf
  5725 | D:5      | Got the Cyclopedia of the Chill
  5883 | D:5      | Killed Crazy Yiuf
  6021 | D:6      | Noticed a hornet
  6026 | D:6      | Paralysed by a hornet for 3 turns
  6134 | D:6      | Reached skill level 8 in Maces & Flails
  6274 | D:6      | Paralysed by a hornet for 2 turns
  6279 | D:6      | Killed a hornet
  6704 | D:6      | Reached XP level 9. HP: 75/75 MP: 9/9
  6754 | D:6      | Reached skill level 9 in Maces & Flails
  6918 | D:6      | Noticed Grinder
  6924 | D:6      | Killed Grinder
  6934 | D:6      | Got the Tome of Grisly Flames
  6959 | D:6      | Identified the +4 morningstar of Wu Jian {drain, Drain rC++
                  | SInv}
  6992 | D:6      | Found a basalt altar of Yredelemnul.
  7448 | D:6      | Reached skill level 10 in Maces & Flails
  8157 | D:7      | Reached XP level 10. HP: 83/88 MP: 10/10
  8379 | D:7      | Reached skill level 11 in Maces & Flails
  9314 | D:9      | Reached skill level 12 in Maces & Flails
  9623 | D:9      | Noticed a wizard
  9623 | Abyss:2  | Cast into level 2 of the Abyss (a wizard)
  9633 | Abyss:2  | Found a corrupted altar of Lugonu.
  9648 | Abyss:2  | Noticed a smoke demon
  9679 | Abyss:2  | Noticed a sixfirhy
  9738 | Abyss:2  | Noticed a worldbinder
  9740 | Abyss:2  | Noticed a merfolk aquamancer
  9743 | Abyss:2  | Noticed a manticore
  9743 | Abyss:2  | Noticed a manticore
  9802 | Abyss:2  | Noticed a hellephant
  9810 | Abyss:2  | Killed from afar by a hellephant

Illustrated notes

Levels and vault maps discovered:
D:1:      amcnicky_arrival_wind_blow, layout_rooms, serial_shops, shop
D:2:      layout_basic, basic_ecumenical_altar
D:3:      layout_rooms, uniq_robin
D:4:      layout_loops_corners, mainiacjoe_overflow_concentric_impassable,
          temple_statues, uniq_eustachio, uniq_ijyb
D:5:      layout_loops_corners, uniq_sigmund, uniq_crazy_yiuf_cottage
D:6:      layout_loops_ring, mainiacjoe_overflow_paths, minmay_manual_mullet,
          uniq_grinder
D:7:      layout_rooms, eino_tiny_chamber, minmay_increasing_density
D:8:      layout_cave_pools
D:9:      layout_gridville, david_lair_shrubbed, lightli_wizard_tower
Abyss:2:  base: Temple, base:
D:7

Skill      XL: |  1  2  3  4  5  6  7  8  9 10 |
---------------+-------------------------------+-----
Maces & Flails | 3 4 5 6 7 8 10 12 | 12.2
Armour         | 3 4 5 |  5.0
Fighting       | 4 6 9 |  9.0
Shields        | |  2.6

Action                   |  1- 3 |  4- 6 |  7- 9 | 10-12 || total
-------------------------+-------+-------+-------+-------++-------
Melee: Flail             |    10 |       |       |       ||    10
       Whip              |    34 |       |       |       ||    34
       Tailslap          |     8 |     9 |    45 |    11 ||    73
       Mace              |    30 |   100 |   226 |       ||   356
       Morningstar       |       |       |    75 |   111 ||   186
 Abil: Rolling Charge    |    10 |     3 |    32 |    10 ||    55
  Use: Scroll            |       |       |     9 |     5 ||    14
       Potion            |       |       |     6 |     1 ||     7
Armor: Scale mail        |    17 |       |       |       ||    17
       Plate armour      |    11 |    61 |   180 |    65 ||   317
Dodge: Dodged            |    17 |    28 |   129 |    55 ||   229
Block: Buckler           |     7 |     6 |    46 |    19 ||    78

Table legend: (Time is in decaauts)
 A = Elapsed time spent in this place.
 B = Non-inter-level travel time spent in this place.
 C = Inter-level travel time spent in this place.
 D = Time resting spent in this place.
 E = Time spent auto-exploring this place.
 F = Levels seen in this place.
 G = Mean time per level.
                   A        B        C        D        E       F      G
               +--------+--------+--------+--------+--------+-----+--------+
         Total |   9901 |   9568 |    333 |   1684 |   6408 |  10 |  990.1 |
       Dungeon |   9715 |   9382 |    333 |   1633 |   6408 |   9 | 1079.4 |
         Abyss |    186 |    186 |      0 |     51 |      0 |   1 |  186.0 |
               +--------+--------+--------+--------+--------+-----+--------+

Top non-repeatable levels by time:
     D:4: 1878 daAuts
     D:6: 1849 daAuts
     D:5: 1458 daAuts
     D:2: 1295 daAuts
     D:1: 865 daAuts
     D:7: 811 daAuts
     D:3: 562 daAuts
     D:8: 544 daAuts
     D:9: 449 daAuts
 Abyss:2: 186 daAuts
